 Dungeon Crawl Stone Soup version 0.30.0-5-g1a98f26d00 (webtiles) character file.

Game seed: 5569153627187914661

284 sampeng1 the Chopper (level 6, -1/48 HPs)
             Began as a Human Berserker on May 10, 2023.
             Was a Believer of Trog.
             Killed by nerve-wracking pain
             ... invoked by an orc priest
              (9 damage)
             ... on level 3 of the Dungeon.
             The game lasted 00:06:39 (1794 turns).

sampeng1 the Chopper (Human Berserker)              Turns: 1794, Time: 00:06:39

Health: -1/48      AC:  6    Str: 20    XL:     6   Next: 55%
Magic:  6/6        EV:  7    Int:  7    God:    Trog [**....]
Gold:   129        SH: 12    Dex: 12    Spells: 5/5 levels left

rFire   . . .        a - +0 hand axe
rCold   . . .        e - +2 tower shield
rNeg    . . .        k - +0 scale mail
rPois   .            (no helmet)
rElec   .            (no cloak)
rCorr   .            (no gloves)
SInv    .            (no boots)
Will    .....        (no amulet) Stlth
                     (no ring)
HPRegen 0.28/turn    (no ring)
MPRegen 0.10/turn

%: no passive effects
@: on berserk cooldown, slowed, very slow
A: no striking features
a: Renounce Religion, Berserk, Trog's Hand


You were on level 3 of the Dungeon.
You worshipped Trog.
Trog was pleased with you.
You visited 1 branch of the dungeon, and saw 3 of its levels.

You collected 129 gold pieces.

Inventory:

Hand Weapons
 a - a +0 hand axe (weapon)
Missiles
 c - 26 stones (quivered)
Armour
 b - a +0 animal skin
 e - a +2 tower shield (worn)
 k - a +0 scale mail (worn)
Scrolls
 g - a scroll of immolation {unknown}
 h - a scroll of poison {unknown}
Potions
 d - a potion of curing
 f - 2 potions of lignification
 i - a potion of degeneration {unknown}


   Skills:
 + Level 4.2 Fighting
 + Level 4.2 Axes
 + Level 3.5 Armour
 + Level 3.6 Dodging


You had 5 spell levels left.
You didn't know any spells.
Your spell library was empty.

Dungeon Overview and Level Annotations

Branches:
Dungeon (2/15)

Altars:


Message History

The adder bites you but does no damage.
The orc priest miscasts a cantrip.
You completely miss the adder.
The adder is almost dead.
You hit the orc priest but do no damage.
The adder bites you but does no damage. x2
A kobold comes into view. It is wielding a +0 short sword.
You block the orc priest's attack. The adder bites you.
* * * LOW HITPOINT WARNING * * *
The orc priest hits you but does no damage.
It was a potion of curing.
You feel better.
The kobold shouts!
You block the adder's attack. The orc priest hits you with a +0 whip.
* * * LOW HITPOINT WARNING * * *
The adder bites you.
* * * LOW HITPOINT WARNING * * *
You slash the adder!
You kill the adder!
Trog accepts your kill.
You closely miss the orc priest. The orc priest hits you with a +0 whip.
* * * LOW HITPOINT WARNING * * *
You block the orc priest's attack.
The orc priest hits you but does no damage.
You barely miss the orc priest. The orc priest barely misses you.
The orc priest hits you with a +0 whip.
* * * LOW HITPOINT WARNING * * *
You feel better.
The orc priest invokes the aid of Beogh against you.
Pain shoots through your body!
* * * LOW HITPOINT WARNING * * *
You closely miss the orc priest.
The orc priest hits you but does no damage.
You block the orc priest's attack. The orc priest hits you with a +0 whip.
* * * LOW HITPOINT WARNING * * *
You hit the orc priest.
The orc priest is moderately wounded.
You block the orc priest's attack.
The orc priest invokes the aid of Beogh against you.
Pain shoots through your body!
You die...

#.....†...#...##..#
#................##
##...........#..##
#...........#..#
##.#.....#..#..#
#...#.####.....
#...#...##......
.....###.##..#....
#...#..
#@)#..#.....
###..#..†#o#
##.#.#. K.. .# #.
#...# .. ..... ..
...... ... ......
... .....


You could see an orc priest and a kobold.

Vanquished Creatures
  Sigmund (D:2)
  Natasha (D:2)
  4 adders
  A dart slug (D:2)
  A worm (D:2)
  4 orcs (D:3)
  7 bats
  An endoplasm (D:1)
  3 giant cockroaches
  4 goblins
  5 hobgoblins
  4 jackals
  2 quokkas
  8 ball pythons
  4 kobolds
  2 rats
52 creatures vanquished.

Notes
Turn   | Place    | Note
-------+----------+-------------------------------------------
     0 | D:1      | sampeng1 the Human Berserker began the quest for the Orb.
     0 | D:1      | Reached XP level 1. HP: 18/18 MP: 1/1
   161 | D:1      | Reached XP level 2. HP: 24/24 MP: 2/2
   581 | D:1      | Reached XP level 3. HP: 28/29 MP: 3/3
   585 | D:1      | Reached ** piety under Trog
  1291 | D:2      | Noticed Sigmund
  1301 | D:2      | Killed Sigmund
  1302 | D:2      | Reached XP level 4. HP: 33/37 MP: 4/4
  1302 | D:2      | Reached XP level 5. HP: 38/42 MP: 5/5
  1302 | D:2      | Reached XP level 6. HP: 43/48 MP: 6/6
  1526 | D:2      | Noticed Natasha
  1540 | D:2      | Killed Natasha
  1694 | D:2      | You fall into a shaft and drop 1 floor!
  1794 | D:3      | Killed from afar by an orc priest

Illustrated notes

Levels and vault maps discovered:
D:1:      lemuel_arrival_behind_the_door_small, layout_basic, chequers_big_river
D:2:      layout_rooms, minmay_tripent, uniq_sigmund, uniq_natasha
D:3:      layout_rooms, nicolae_gozag_cash_rules_everything_around_me,
          kennysheep_generic_room_9

Skill      XL: |  1  2  3 |
---------------+----------+-----
Fighting       | 4 |  4.2
Axes           | 4 |  4.2
Armour         | 3 |  3.5
Dodging        | 3 |  3.6

Action                     |  1- 3 |  4- 6 || total
---------------------------+-------+-------++-------
  Melee: Hand axe          |    75 |   114 ||   189
 Invoke: Berserk           |     2 |     2 ||     4
    Use: Scroll            |       |     3 ||     3
         Potion            |       |     2 ||     2
 Armour: Animal skin       |    21 |       ||    21
         Leather armour    |     6 |       ||     6
         Scale mail        |       |    62 ||    62
  Dodge: Dodged            |    38 |    38 ||    76
  Block: Tower shield      |    32 |    93 ||   125
